 Dungeon Crawl Stone Soup version 0.30-a0-121-gb27577e5d9 (webtiles) character file.

Game seed: 8563963188874150466

79 LnG the Trooper (level 4, -1/40 HPs)
             Began as a Hill Orc Fighter on Sept 14, 2022.
             Killed by divine providence
             ... invoked by an orc priest
              (12 damage)
             ... on level 3 of the Dungeon.
             The game lasted 00:02:43 (2091 turns).

LnG the Trooper (Hill Orc Fighter)                  Turns: 2091, Time: 00:02:43

Health: -1/40      AC: 12    Str: 20    XL:     4   Next: 38%
Magic:  4/4        EV:  9    Int: 14    God:
Gold:   109        SH:  4    Dex: 10    Spells: 3/3 levels left

rFire   . . .      SeeInvis .    a - +0 war axe
rCold   . . .      Faith    .    c - +0 buckler
rNeg    . . .      Spirit   .    b - +0 scale mail
rPois   .          Reflect  .    e - +0 helmet
rElec   .          Harm     .    (no cloak)
rCorr   .          Rampage  .    (no gloves)
Will    .....                    (no boots)
Stlth   ..........               (no amulet)
HPRegen 0.13/turn                g - +6 ring of intelligence
MPRegen 0.09/turn                m - +4 ring of protection

@: no status effects
A: no striking features
a: Convert to Beogh


You were on level 3 of the Dungeon.
You visited 1 branch of the dungeon, and saw 3 of its levels.

You collected 109 gold pieces.

Inventory:

Hand Weapons
 a - a +0 war axe (weapon)
Armour
 b - a +0 scale mail (worn)
 c - a +0 buckler (worn)
 e - a +0 helmet (worn)
Jewellery
 g - a +6 ring of intelligence (left hand)
 m - a +4 ring of protection (right hand)
Scrolls
 f - a scroll of brand weapon {unknown}
 j - 3 scrolls of identify {unknown}
 l - a scroll of amnesia {unknown}
 n - a scroll of teleportation {unknown}
 p - a scroll of poison {unknown}
Potions
 d - 2 potions of might
 h - a potion of curing {unknown}
 i - a potion of lignification {unknown}
 k - a potion of attraction {unknown}
 o - a potion of ambrosia {unknown}


   Skills:
 + Level 4.2 Fighting
 + Level 3.9 Axes
 + Level 4.2 Armour
 + Level 0.1 Dodging
 + Level 3.6 Shields


You had 3 spell levels left.
You didn't know any spells.
Your spell library contained the following spells:

 Spells                   Type           Power      Damage    Failure   Level
 Apportation              Tloc           0%         N/A       71%         1
 Necrotise                Necr           0%         1d4       71%         1
 Summon Small Mammal      Summ           0%         N/A       71%         1
 Sublimation of Blood     Necr           0%         N/A       85%         2
 Wereblood                Tmut           0%         N/A       85%         2
 Summon Hydra             Summ           0%         N/A       100%        7


Dungeon Overview and Level Annotations

Branches:
Dungeon (3/15)

Altars:


Message History

The orc priest is moderately wounded.
You barely miss the orc.
The orc priest threatens, "By the altar or by the axe, you will meet Beogh!"
The orc priest completely misses you. The orc hits you but does no damage.
The orc hits you with a +0 morningstar!
You closely miss the orc. You slash the orc!
You kill the orc!
You hit the orc but do no damage. The orc hits you with a +0 club.
You hit the orc.
You kill the orc!
You hit the orc priest. You barely miss the orc. You block the orc's attack.
The orc priest mumbles some strange prayers to Beogh against you.
Beogh smites you!
You closely miss the orc.
You hit the orc priest but do no damage.
You completely miss the orc.
The orc hits you with a +0 flail of holy wrath.
The orc priest calls down the wrath of Beogh upon you.
You barely resist. The orc hits you with a +0 club.
The orc hits you but does no damage. x2
The orc priest shouts, "Surrender to Beogh and we'll let you live!"
The orc priest hits you with a +0 short sword.
* * * LOW HITPOINT WARNING * * *
You hit the orc priest.
The orc priest shouts, "Join the one true god or die!"
The orc priest is severely wounded.
You slash the orc!
You kill the orc!
You closely miss the orc. You block the orc's attack.
The orc priest hits you but does no damage.
You closely miss the orc priest.
The orc priest is severely wounded.
You slash the orc!
You kill the orc!
The orc priest hits you but does no damage.
You barely miss the orc priest.
The orc priest is severely wounded.
The orc priest invokes the aid of Beogh against you.
Beogh smites you!
You die...

###.#...####.........###......#
......## ##.......## ###.##.#
.##.##.# ##.....## ####.#
#.##?# ##...## #.# #....# ##'##
#.# ###..# #.# #.# #..# #.# #.#
####.##### #.# #..)@....#
######.# #..))o.#.# #......#
#.#...## #.###### #.##.## . ..#
# ... ###


You could see an orc priest.

Vanquished Creatures
  2 adders (D:2)
  3 dart slugs
  4 orcs (D:3)
  4 endoplasms
  A giant cockroach (D:2)
  8 goblins
  2 hobgoblins (D:2)
  4 jackals
  4 kobolds
  A quokka (D:1)
  3 ball pythons (D:1)
  2 bats
  2 frilled lizards
  9 rats
49 creatures vanquished.

Vanquished Creatures (others)
  A plant (D:1)
1 creature vanquished.

Grand Total: 50 creatures vanquished

Notes
Turn   | Place    | Note
-------+----------+-------------------------------------------
     0 | D:1      | LnG the Hill Orc Fighter began the quest for the Orb.
     0 | D:1      | Reached XP level 1. HP: 19/19 MP: 1/1
   395 | D:1      | Reached XP level 2. HP: 27/27 MP: 2/2
   962 | D:1      | Reached XP level 3. HP: 30/33 MP: 3/3
  1669 | D:2      | Reached XP level 4. HP: 38/40 MP: 4/4
  1703 | D:2      | Found a faded altar of an unknown god.
  2091 | D:3      | Killed from afar by an orc priest

Illustrated notes

Levels and vault maps discovered:
D:1:      sevenhm_arrival_forest_fort_large_4, layout_loops_ring,
          serial_bayou_pond_a, minmay_misc_feat_nine_boxes,
          chequers_serial_rivers_small_b, chequers_serial_rivers_small_b
D:2:      layout_basic, basic_ecumenical_altar
D:3:      minmay_razor_zed, layout_loops_corners, portal_sewer_entry_e,
          kennysheep_jessica_study

Skill      XL: |  1  2  3 |
---------------+----------+-----
Axes           | 3 |  3.9
Armour         | 4 |  4.2
Fighting       | 4 |  4.2
Dodging        | |  0.1
Shields        | |  3.6

Action                   |  1- 3 |  4- 6 || total
-------------------------+-------+-------++-------
Melee: War axe           |   105 |    20 ||   125
Armor: Scale mail        |    50 |    19 ||    69
Dodge: Dodged            |    42 |     4 ||    46
Block: Buckler           |    21 |     5 ||    26

Table legend: (Time is in decaauts)
 A = Elapsed time spent in this place.
 B = Non-inter-level travel time spent in this place.
 C = Inter-level travel time spent in this place.
 D = Time resting spent in this place.
 E = Time spent auto-exploring this place.
 F = Levels seen in this place.
 G = Mean time per level.
                   A        B        C        D        E       F      G
               +--------+--------+--------+--------+--------+-----+--------+
         Total |   2139 |   2082 |     57 |    224 |   1386 |   3 |  713.0 |
       Dungeon |   2139 |   2082 |     57 |    224 |   1386 |   3 |  713.0 |
               +--------+--------+--------+--------+--------+-----+--------+

Top non-repeatable levels by time:
     D:1: 1253 daAuts
     D:2: 707 daAuts
     D:3: 178 daAuts
